 Dungeon Crawl Stone Soup version 0.28.0-53-g5a82cb258f (webtiles) character file.

Game seed: 12794499086688978540

470652 Peloso the Slayer (level 23, -13/204 (208) HPs)
             Began as a Minotaur Fighter on June 30, 2022.
             Was the Champion of Okawaru.
             Mangled by an ettin
             ... wielding a +0 dire flail
              (23 damage)
             ... on level 5 of the Vaults on July 1, 2022.
             The game lasted 02:56:09 (60805 turns).

Peloso the Slayer (Minotaur Fighter)               Turns: 60805, Time: 02:56:11

HP:   -13/204 (208) AC: 32    Str: 41    XL:     23   Next: 53%
MP:   1/26          EV: 14    Int:  5    God:    Okawaru [******]
Gold: 2623          SH: 13    Dex: 18    Spells: 22/22 levels left

rFire   + + .      SeeInvis .   b - +4 double sword (spect)
rCold   + . .      Faith    +   c - +2 buckler of Ruoxut {rF+ Str+7}
rNeg    . . .      Spirit   .   O - +2 gold dragon scales of Qofyl {rPois rF+ rC+ Regen+ Slay+3 Stlth+}
rPois   +          Reflect  .   Z - -4 hat "Ducwa" {rElec Slay+3 Stlth+}
rElec   +          Harm     .   C - +2 cloak {rCorr}
rCorr   +          Rampage  +   u - +0 pair of gloves {infuse}
Will    +....                   l - +2 pair of boots {rampage}
Stlth   ..........              L - amulet of Pyromania {Faith rCorr Dex+4}
HPRegen 1.24/turn               p - +6 ring of strength
MPRegen 0.20/turn               T - ring of willpower

@: about to teleport, weak-willed, lightly drained
A: horns 2, retaliatory headbutt, frail 1
}: 2/15 runes: decaying, serpentine
a: Renounce Religion, Heroism, Finesse, Duel


You were on level 5 of the Vaults.
You worshipped Okawaru.
Okawaru was exalted by your worship.
You visited 8 branches of the dungeon, and saw 40 of its levels.
You visited 1 bazaar.
You also visited: Sewer, Bailey, Gauntlet, Ice Cave and Desolation.

You collected 5077 gold pieces.
You spent 2454 gold pieces at shops.

Inventory:

Hand Weapons
 a - the +9 falchion of Ruination {vorpal, rC+}
   (You took it off a spriggan on level 14 of the Dungeon)

   It inflicts extra damage upon your enemies.
   rC:        It protects you from cold.
 b - a +4 spectral double sword (weapon)
 i - the +1 double sword of Equivalence {flame, rF+ Int+4}
   (Okawaru gifted it to you on level 14 of the Dungeon)

   It burns those it strikes, dealing additional fire damage.
   Big, fiery blades are also staple armaments of hydra-hunters.
   Int:       It affects your intelligence (+4).
   rF:        It protects you from fire.
 H - a +2 double sword of protection
 I - a +0 double sword of holy wrath
Missiles
 U - 4 large rocks
Armour
 c - the +2 buckler of Ruoxut (worn) {rF+ Str+7}
   (You bought it in a shop on level 1 of the Elven Halls)

   Str:       It affects your strength (+7).
   rF:        It protects you from fire.
 e - a +0 kite shield of reflection
 l - a +2 pair of boots of rampaging (worn)
 r - the +5 acid dragon scales of Past Mistakes {rCorr Str+2}
   (Okawaru gifted it to you on level 1 of the Vaults)

   Str:       It affects your strength (+2).
   rCorr:     It protects you from acid and corrosion.
 u - a +0 pair of gloves of infusion (worn)
 w - the quicksilver dragon scales "Hafien" {*Slow rF+++ rC+ Will+ Str+3}
   (You took it off a spriggan in a bailey)

   Str:       It affects your strength (+3).
   rF:        It renders you almost immune to fire.
   rC:        It protects you from cold.
   *Slow:     It may slow you when you take damage.
   Will:      It increases your willpower.
 C - a +2 cloak of preservation (worn)
 K - +0 gold dragon scales
 O - the +2 gold dragon scales of Qofyl (worn) {rPois rF+ rC+ Regen+ Slay+3 Stlth+}
   (Okawaru gifted it to you on level 2 of the Orcish Mines)

   Slay:      It affects your accuracy & damage with ranged weapons and melee
   (+3).
   rF:        It protects you from fire.
   rC:        It protects you from cold.
   rPois:     It protects you from poison.
   Regen:     It increases your rate of health regeneration.
   Stlth:     It makes you more stealthy.
 R - the +0 tower shield of Lifelessness {rF++}
   (Okawaru gifted it to you on level 5 of the Vaults)

   rF:        It greatly protects you from fire.
 Z - the -4 hat "Ducwa" (worn) {rElec Slay+3 Stlth+}
   (You found it in a Gauntlet)

   Slay:      It affects your accuracy & damage with ranged weapons and melee
   (+3).
   rElec:     It insulates you from electricity.
   Stlth:     It makes you more stealthy.
Jewellery
 g - a +6 ring of intelligence
 j - the amulet "Qaucilad" {Reflect rPois rN++ Dex-4 SH+5 SInv}
   (You found it in the Desolation of Salt)

   [amulet of reflection]

   It reflects blocked missile attacks.
   Dex:       It affects your dexterity (-4).
   rPois:     It protects you from poison.
   rN:        It greatly protects you from negative energy.
   SInv:      It lets you see invisible.
   SH:        It affects your SH (+5).
 k - the ring "Korekluy" {rC+ Dex+4}
   (You took it off a servant of whispers in the Desolation of Salt)

   [ring of protection from cold]

   Dex:       It affects your dexterity (+4).
   rC:        It protects you from cold.
 m - the ring "Uschalesse" {Ice rPois rN+ Dex-5 Stlth+}
   (You found it in the Desolation of Salt)

   [ring of ice]

   It enhances your ice magic.
   Dex:       It affects your dexterity (-5).
   rF:        It makes you vulnerable to fire.
   rC:        It protects you from cold.
   rPois:     It protects you from poison.
   rN:        It protects you from negative energy.
   Stlth:     It makes you more stealthy.
 o - a ring of ice
 p - a +6 ring of strength (left hand)
 q - a ring of flight
 t - the amulet of Leen {Reflect rN+ MP+9 Int+3 SH+5}
   (You found it in an ice cave)

   [amulet of reflection]

   It reflects blocked missile attacks.
   Int:       It affects your intelligence (+3).
   rN:        It protects you from negative energy.
   MP:        It affects your magic capacity (+9).
   SH:        It affects your SH (+5).
 L - the amulet of Pyromania (around neck) {Faith rCorr Dex+4}
   (You found it in a Gauntlet)

   [amulet of faith]

   It allows you to gain divine favour quickly.
   Dex:       It affects your dexterity (+4).
   rCorr:     It protects you from acid and corrosion.
 P - the amulet "Kepiub" {RegenMP rN++ Dex+4}
   (You found it on level 5 of the Vaults)

   [amulet of magic regeneration]

   It increases your rate of magic regeneration.
   Dex:       It affects your dexterity (+4).
   rN:        It greatly protects you from negative energy.
 S - an amulet of the acrobat
 T - a ring of willpower (right hand)
Wands
 G - a wand of acid (2)
 Q - a wand of flame (2)
Scrolls
 f - 7 scrolls of teleportation
 n - 5 scrolls of blinking
 v - 4 scrolls of fear
 y - 10 scrolls of magic mapping
 A - 2 scrolls of amnesia
 B - a scroll of fog
 V - a scroll of acquirement
Potions
 d - 2 potions of brilliance
 h - 7 potions of might
 s - 2 potions of flight
 z - a potion of ambrosia
 D - 5 potions of haste
 E - a potion of magic
 F - 15 potions of curing
 J - 2 potions of berserk rage
 M - a potion of resistance
 N - a potion of invisibility
Miscellaneous
 x - a condenser vane


   Skills:
 + Level 24.7 Fighting
 + Level 0.5(15.0) Short Blades
 + Level 24.5 Long Blades
 + Level 1.0(1.2) Axes
 + Level 0.6(1.1) Maces & Flails
 + Level 0.6(1.1) Polearms
 + Level 0.6(1.0) Staves
 + Level 0.5(0.8) Slings
 + Level 0.8 Bows
 + Level 0.5 Crossbows
 + Level 0.7(0.9) Throwing
 + Level 22.0 Armour
 + Level 11.2 Dodging
 + Level 8.0 Stealth
 + Level 24.1 Shields
 + Level 0.5 Unarmed Combat
 + Level 0.2 Spellcasting
 + Level 0.2 Conjurations
 + Level 0.3 Hexes
 + Level 0.2 Summonings
 + Level 0.2 Necromancy
 + Level 0.2 Translocations
 + Level 0.3 Transmutations
 + Level 0.2 Fire Magic
 + Level 0.2 Ice Magic
 + Level 0.4 Air Magic
 + Level 0.3 Earth Magic
 + Level 0.2 Poison Magic
 + Level 6.6 Invocations
 + Level 1.4 Evocations


You had 22 spell levels left.
You didn't know any spells.
Your spell library contained the following spells:

 Spells                   Type           Power      Damage    Failure   Level
 Shock                    Conj/Air       0%         1d3       93%         1
 Sting                    Tmut/Pois      0%         1d3       93%         1
 Apportation              Tloc           0%         N/A       94%         1
 Foxfire                  Conj/Fire      0%         2x1d4     94%         1
 Magic Dart               Conj           0%         1d3       94%         1
 Pain                     Necr           0%         1d4       94%         1
 Blink                    Tloc           0%         N/A       98%         2
 Corpse Rot               Necr/Air       0%         N/A       98%         2
 Ensorcelled Hibernation  Hex/Ice        0%         N/A       98%         2
 Passwall                 Tmut/Erth      0%         N/A       98%         2
 Poisonous Vapours        Pois/Air       0%         N/A       98%         2
 Scorch                   Fire           0%         2d5       98%         2
 Searing Ray              Conj           0%         2d4       98%         2
 Static Discharge         Conj/Air       0%         N/A       98%         2
 Sublimation of Blood     Necr           0%         N/A       98%         2
 Wereblood                Tmut           0%         N/A       98%         2
 Conjure Flame            Conj/Fire      0%         6-21      100%        3
 Frozen Ramparts          Ice            0%         1d2       100%        3
 Ignite Poison            Fire/Tmut/Pois 0%         N/A       100%        3
 Inner Flame              Hex/Fire       0%         N/A       100%        3
 Lesser Beckoning         Tloc           0%         N/A       100%        3
 Mephitic Cloud           Conj/Pois/Air  0%         N/A       100%        3
 Ozocubu's Armour         Ice            0%         N/A       100%        3
 Portal Projectile        Hex/Tloc       0%         N/A       100%        3
 Swiftness                Air            0%         N/A       100%        3
 Vampiric Draining        Necr           0%         2d6       100%        3
 Anguish                  Hex/Necr       0%         N/A       100%        4
 Cause Fear               Hex            0%         N/A       100%        4
 Dispel Undead            Necr           0%         3d6       100%        4
 Flame Wave               Conj/Fire      0%         2d4       100%        4
 Fulminant Prism          Conj/Hex       0%         3d6       100%        4
 Hailstorm                Conj/Ice       0%         3d3       100%        4
 Leda's Liquefaction      Hex/Erth       0%         N/A       100%        4
 Olgreb's Toxic Radiance  Pois           0%         N/A       100%        4
 Petrify                  Tmut/Erth      0%         N/A       100%        4
 Sticky Flame             Conj/Fire      0%         2d3       100%        4
 Agony                    Necr           0%         N/A       100%        5
 Alistair's Intoxication  Tmut/Pois      0%         N/A       100%        5
 Blade Hands              Tmut           0%         N/A       100%        5
 Borgnjor's Vile Clutch   Necr/Erth      0%         N/A       100%        5
 Excruciating Wounds      Necr           0%         N/A       100%        5
 Fireball                 Conj/Fire      0%         3d3       100%        5
 Freezing Cloud           Conj/Ice/Air   0%         6-21      100%        5
 Irradiate                Conj/Tmut      0%         3d13      100%        5
 Iskenderun's Battlesphe  Conj           0%         2d6       100%        5
 Lee's Rapid Deconstruct  Erth           0%         3d5*      100%        5
 Lightning Bolt           Conj/Air       0%         1d11      100%        5
 Manifold Assault         Tloc           0%         N/A       100%        5
 Yara's Violent Unravell  Hex/Tmut       0%         3d3       100%        5
 Conjure Ball Lightning   Conj/Air       0%         3x3d6     100%        6
 Eringya's Noxious Bog    Tmut/Pois      0%         N/A       100%        6
 Iron Shot                Conj/Erth      0%         9d1       100%        6
 Starburst                Conj/Fire      0%         6d3       100%        6
 Statue Form              Tmut/Erth      0%         N/A       100%        6
 Dragon Form              Tmut           0%         N/A       100%        7
 Enfeeble                 Hex            0%         N/A       100%        7
 Orb of Destruction       Conj           0%         9d5       100%        7
 Ozocubu's Refrigeration  Ice            0%         4d5       100%        7
 Discord                  Hex            0%         N/A       100%        8
 Ignition                 Fire           0%         3d3       100%        8
 Maxwell's Capacitive Co  Air            0%         ∞         100%        8
 Chain Lightning          Conj/Air       0%         N/A       100%        9
 Fire Storm               Conj/Fire      0%         5d1       100%        9
 Animate Skeleton         Necr           Unusable   N/A       N/A         1
 Summon Small Mammal      Summ           Unusable   N/A       N/A         1
 Tukima's Dance           Hex            Unusable   N/A       N/A         3
 Death Channel            Necr           Unusable   N/A       N/A         6
 Simulacrum               Ice/Necr       Unusable   N/A       N/A         6
 Summon Cactus Giant      Summ           Unusable   N/A       N/A         6
 Spellforged Servitor     Conj/Summ      Unusable   N/A       N/A         7
 Infestation              Necr           Unusable   N/A       N/A         8

Dungeon Overview and Level Annotations

Branches:
Dungeon (15/15)            Temple (1/1) D:4            Lair (6/6) D:9
  Swamp (4/4) Lair:4        Snake (4/4) Lair:4        Slime (0/5) Lair:6
    Orc (2/2) D:9             Elf (3/3) Orc:2        Vaults (5/5) D:14
  Crypt (0/3) Vaults:3     Depths (0/4) D:15          Sewer (visited)
 Bailey (visited)           IceCv (visited)         Desolation (visited)
Gauntlet (visited)

Altars:
Elyvilon
Kikubaaqudgha
Okawaru
Ru
Trog
Uskayaw
Wu Jian
Xom
Yredelemnul
Beogh
Jiyva

Shops:
D:1 :   D:4 *   D:10 =   D:12 *   Orc:2 *:?*?   Elf:1 (*?   Elf:3 (
Snake:1 ?[!*=(   Vaults:1 [   Vaults:4 :

Annotations:
D:15 Casa


Innate Abilities, Weirdness & Mutations

You have a pair of horns on your head.
You reflexively headbutt those who attack you in melee.
You are frail. (-10% HP)


Message History

The glowing shapeshifter changes into a swamp worm!
The golden dragon barely misses you. You furiously retaliate!
You headbutt the golden dragon! The golden dragon claws you!
* * * LOW HITPOINT WARNING * * *
You block the golden dragon's attack.
The ironbound convoker gestures at the swamp worm while chanting.
The swamp worm seems to grow stronger.
You block the shadow dragon's attack.
The shadow dragon claws you but does no damage.
The shadow dragon misses you.
The frost giant gestures at you while chanting.
The bolt of cold hits you! You resist.
* * * LOW HITPOINT WARNING * * *
The ettin hits you with a +0 dire flail!
* * * LOW HITPOINT WARNING * * *
The ettin hits you with a +0 great mace!
* * * LOW HITPOINT WARNING * * *
The vault sentinel blows a loud note on a signal horn!
The vault sentinel unwields a +0 morningstar.
The vault sentinel wields a +0 arbalest.
The vault sentinel shoots a bolt.
The bolt hits you but does no damage.
Okay, then.
As you read the scroll of fear, it crumbles to dust.
You assume a fearsome visage.
The swamp worm looks frightened!
The deep elf death mage resists with almost no effort.
The ettin resists with some effort.
The golden dragon resists with almost no effort.
The vault sentinel looks frightened!
The shadow dragon resists with almost no effort.
The vault sentinel looks frightened!
The deep elf death mage resists with almost no effort.
The ironbound convoker looks frightened!
The vault warden looks frightened!
The frost giant resists with some effort.
The vault warden looks frightened!
The polar bear looks frightened!
You block the golden dragon's attack. The golden dragon misses you.
You block the golden dragon's attack. The shadow dragon closely misses you.
The shadow dragon completely misses you. x2
The ettin hits you but does no damage.
The ettin hits you with a +0 great mace!!
You die...

)#).D........##....#..##
###..........##....#...## #
#......cpp.##....#....## #
##...W.Cpp)##....#.....##
#....§)X.#+#....#......##
###...W###h#....#..........
#####w.p.p.pe............
###########.C..D...##########
.......[...?pC@<.............
............e<.D<............
............([<<.....).......
...................).........
###########.........#########
............[.......
.....#...)#..........
...#####....#.......... ..
#....#..########


You could see a shadow dragon, a golden dragon, a frost giant, 2 vault wardens,
2 deep elf death magi, an ettin, 2 vault sentinels, a phantasmal warrior, a
polar bear shaped shifter (fleeing) and a swamp worm shaped shifter (strong,
fleeing).

Vanquished Creatures
  An ancient lich (Vaults:5)
  A dread lich (Vaults:5)
  Mennas (Vaults:4)
  Bai Suzhen (Snake:4)
  Saint Roka (Snake:4)
  3 golden dragons (Vaults:4)
  3 tentacled monstrosities
  Rupert (Lair:4)
  3 liches
  2 deep elf blademasters (Elf:3)
  Mlioglotl (Swamp:2)
  A quicksilver dragon (Vaults:4)
  7 titans
  Gastronok (D:11)
  A deep elf master archer (Elf:3)
  5 sphinxes
  A storm dragon (Vaults:4)
  A thorn hunter (Swamp:3)
  2 shadow dragons
  6 tengu reavers
  Donald (Swamp:3)
  Roxanne (Swamp:4)
  6 nagarajas
  3 frost giants
  An iron dragon (Vaults:4)
  A fenstrider witch (Swamp:1)
  15 vault wardens
  An orc warlord (Vaults:4)
  Aizul (Swamp:4)
  A fire giant (Vaults:5)
  The ghost of Giaff the Carver, a journeyman DsGl of Makhleb (D:14)
  4 imperial myrmidons (Desolation)
  6 deep elf sorcerers (Elf:3)
  2 deep elf elementalists (Elf:3)
  8 ghouls
  10 ironbound preservers
  15 very ugly things
  2 war gargoyles
  6 stone giants
  The ghost of Shogun88 the Blocker, a journeyman MiFi of Jiyva (Swamp:2)
  7 ironbound thunderhulks
  4 eleionomae
  5 deep elf demonologists
  9 deep elf annihilators
  A minotaur (Gauntlet)
  22 dire elephants
  6 bunyips
  4 deep elf death magi (Elf:3)
  Josephine (D:11)
  4 ragged hierophants (Desolation)
  3 crystal guardians (Desolation)
  A shambling mangrove (Swamp:4)
  6 deep elf high priests
  3 great orbs of eyes
  9 yaktaur captains
  5 ettins
  4 fire dragons
  Fannar (Orc:1)
  An ice dragon (D:15)
  6 boulder beetles
  10 peacekeepers
  26 hydras
  Harold (D:7)
  4 servants of whispers (Desolation)
  35 vault guards
  16 naga warriors
  Erolcha (D:11)
  9 ironbound frosthearts
  3 salamander tyrants
  2 ghost crabs (Swamp:4)
  15 centaur warriors
  2 ogre magi
  4 catoblepae
  18 anacondas
  4 death knights
  10 two-headed ogres
  9 death yaks
  5 alligators
  2 tengu warriors (D:14)
  26 dancing weapons
  A deep troll earth mage (Vaults:4)
  6 orc high priests
  2 shock serpents (Snake:4)
  The ghost of Dicout the Covert, a novice OpFi of Gozag (Lair:2)
  Sonja (D:11)
  14 deep elf knights
  Urug (Lair:1)
  6 naga sharpshooters
  3 sixfirhies (Gauntlet)
  Nergalle (D:11)
  2 fire crabs (Swamp:4)
  3 salamander mystics
  A shadow wraith (Vaults:5)
  2 skeletal warriors (D:14)
  4 goliath frogs
  A sea snake (shapeshifter) (Vaults:5)
  6 sea snakes (Snake:3)
  5 bog bodies
  27 deep trolls
  10 naga ritualists
  6 swamp dragons
  5 spriggan druids
  10 deep elf archers
  16 orc knights
  22 ironbound convokers
  3 phantasmal warriors
  11 lindwurms
  6 harpies
  The ghost of PanSaczeczos the Skirmisher, a novice PaAK of Lugonu (D:5)
  27 deep elf pyromancers
  3 necromancers
  22 deep elf zephyrmancers
  A stone giant zombie (Vaults:2)
  8 wizards
  5 cyclopes
  A manticore (shapeshifter) (Vaults:4)
  12 mana vipers
  5 orc sorcerers
  3 manticores
  19 elephants
  31 ugly things
  30 salamanders
  2 will-o-the-wisps
  A moth of wrath (Lair:2)
  A centaur zombie (D:11)
  8 guardian serpents
  A stone giant skeleton (Vaults:2)
  An ice statue (IceCv)
  2 torpor snails
  11 vault sentinels
  11 naga magi
  Joseph (Lair:1)
  2 molten gargoyles (Desolation)
  38 black mambas
  An unseen horror (D:11)
  A smoke demon (D:14)
  2 kobold demonologists (D:9)
  13 cane toads
  4 freezing wraiths
  7 komodo dragons
  23 yaktaurs
  A yaktaur (shapeshifter) (Vaults:4)
  3 ice devils
  A yaktaur zombie (Vaults:2)
  2 efreet
  3 rime drakes
  10 trolls
  3 meliai (Lair:6)
  A bloated husk (Swamp:3)
  A queen bee (Lair:6)
  12 polar bears
  18 hornets
  4 dream sheep (Lair:4)
  44 saltlings (Desolation)
  7 tyrant leeches
  16 slime creatures
  7 raiju
  32 blink frogs
  2 water elementals (Elf:3)
  23 spriggans
  A spriggan (shapeshifter) (D:14)
  The ghost of kalagan the Conjurer, an amateur DECj (D:5)
  4 wyverns
  2 vampires
  12 wraiths
  41 yaks
  3 centaur simulacra
  3 dire elephant simulacra (IceCv)
  The ghost of Tyszek the Covert, an amateur SpEn (D:5)
  4 fire elementals
  4 basilisks
  Eustachio (D:4)
  8 steam dragons
  4 vampire mosquitoes (D:13)
  A death yak simulacrum (IceCv)
  Menkaure (D:4)
  43 nagas
  7 wargs
  16 swamp worms
  10 hell hounds
  18 water moccasins
  A floating eye (shapeshifter) (Elf:3)
  4 acid dragons
  2 ice beasts (Vaults:3)
  14 black bears
  33 ogres
  11 swamp drakes
  43 orc warriors
  A boggart (D:14)
  11 centaurs
  2 human skeletons (Vaults:2)
  A phantom (D:6)
  22 wolves
  2 kobold brigands
  14 bullfrogs
  An earth elemental (Elf:1)
  2 gnoll sergeants
  3 cane toad simulacra (IceCv)
  3 scorpions
  A water moccasin zombie (D:6)
  8 two-headed ogre simulacra (IceCv)
  39 killer bees
  3 elephant simulacra (IceCv)
  5 howler monkeys
  8 wights (D:7)
  3 electric eels
  2 lava snakes (Snake:4)
  4 crimson imps (D:14)
  5 jellies
  28 orc priests
  4 hounds
  A centaur skeleton (D:5)
  Crazy Yiuf (D:6)
  2 gnoll shamans
  Terence (D:2)
  An iguana (D:5)
  Natasha (thrice) (D:2)
  A merfolk siren (Sewer)
  14 orc wizards
  7 hell rats (Lair:6)
  A merfolk avatar (Sewer)
  6 spriggan simulacra (IceCv)
  4 troll simulacra (IceCv)
  2 wolf simulacra (IceCv)
  2 polar bear simulacra (IceCv)
  A killer bee zombie (D:9)
  An ogre zombie (D:11)
  2 hound skeletons (D:4)
  A howler monkey zombie (D:11)
  8 adders
  27 gnolls
  A howler monkey skeleton (D:6)
  5 naga simulacra (IceCv)
  A shadow imp (D:7)
  9 white imps
  9 ufetubi (IceCv)
  An adder skeleton (D:4)
  A worm (D:2)
  4 dart slugs
  52 orcs
  11 endoplasms
  11 giant cockroaches
  6 goblins
  4 hobgoblins (D:1)
  4 jackals
  15 kobolds
  5 quokkas
  8 ball pythons
  6 bats
  6 frilled lizards
  29 rats
  3 butterflies
  2 fire vortices
1841 creatures vanquished.

Vanquished Creatures (others)
  A deep elf annihilator (Elf:1)
  A swamp dragon (Swamp:4)
  A wizard (Vaults:4)
  A deep elf pyromancer (Elf:2)
  2 bloated husks
  A spriggan (Swamp:4)
  A steam dragon (Swamp:4)
  A swamp drake (Swamp:4)
  An orc warrior (Snake:4)
  2 orcs (Orc:1)
  A butterfly (Lair:5)
  4 foxfires (Swamp:3)
  21 fungi
  106 plants
  2 starspawn tentacles (Swamp:2)
  18 withered plants
164 creatures vanquished.

Grand Total: 2005 creatures vanquished

Notes
Turn   | Place    | Note
-------+----------+-------------------------------------------
     0 | D:1      | Peloso the Minotaur Fighter began the quest for the Orb.
     0 | D:1      | Reached XP level 1. HP: 19/19 MP: 0/0
   106 | D:1      | Reached XP level 2. HP: 27/27 MP: 1/1
   190 | D:1      | Found Plog's Book Boutique.
   692 | D:2      | Reached XP level 3. HP: 33/34 MP: 2/2
  1153 | D:2      | Noticed Natasha
  1156 | D:2      | Killed Natasha
  1157 | D:2      | Reached XP level 4. HP: 36/41 MP: 3/3
  1159 | D:2      | Noticed a great orb of eyes
  1167 | D:2      | Noticed a shining eye
  1176 | D:2      | Noticed Terence
  1178 | D:2      | Found a faded altar of an unknown god.
  1179 | D:2      | Noticed an eye of devastation
  1179 | D:2      | Noticed a shining eye
  1183 | D:2      | Killed Terence
  1339 | D:2      | Reached XP level 5. HP: 41/47 MP: 4/4
  1528 | D:2      | Noticed Natasha
  1534 | D:2      | Killed Natasha
  1794 | D:2      | Noticed Natasha
  1798 | D:2      | Killed Natasha
  1799 | D:2      | Reached skill level 5 in Shields
  2243 | D:3      | Found an ancient bone altar of Kikubaaqudgha.
  2343 | D:3      | Reached skill level 1 in Dodging
  2751 | D:4      | Noticed Menkaure
  2752 | D:4      | Found Rygawej's Assorted Antiques.
  2765 | D:4      | Reached skill level 5 in Long Blades
  2765 | D:4      | Reached XP level 6. HP: 45/53 MP: 5/5
  2775 | D:4      | Killed Menkaure
  2791 | D:4      | Bought a pink potion for 28 gold pieces
  2791 | D:4      | Bought a pink potion for 28 gold pieces
  2791 | D:4      | Bought a white potion for 28 gold pieces
  2791 | D:4      | Bought a scroll labelled VENUEJ CYLYIL for 32 gold pieces
  2843 | D:4      | Reached skill level 5 in Armour
  2854 | D:4      | Found a glowing drain.
  2936 | Sewer    | Entered a sewer
  3213 | Sewer    | Reached skill level 5 in Fighting
  3292 | Sewer    | Reached XP level 7. HP: 53/61 MP: 6/6
  3615 | D:4      | Found a staircase to the Ecumenical Temple.
  3642 | Temple   | Entered the Ecumenical Temple
  3647 | Temple   | Became a worshipper of Warmaster Okawaru
  4238 | D:4      | Noticed Eustachio
  4501 | D:4      | Killed Eustachio
  4714 | D:5      | Entered Level 5 of the Dungeon
  4925 | D:5      | Found a runed translucent gate.
  4925 | D:5      | Found a runed translucent gate.
  4925 | D:5      | Found a runed translucent gate.
  4930 | D:5      | Noticed Tyszek's ghost (amateur SpEn)
  4930 | D:5      | Noticed PanSaczeczos's ghost (novice PaAK)
  4930 | D:5      | Noticed kalagan's ghost (amateur DECj)
  5082 | D:5      | Reached * piety under Okawaru
  5083 | D:5      | Reached XP level 8. HP: 60/69 MP: 7/7
  5839 | D:5      | Reached skill level 1 in Stealth
  6393 | D:6      | Found a runed translucent door.
  6394 | D:6      | Noticed Crazy Yiuf
  6622 | D:6      | Killed Crazy Yiuf
  7138 | D:7      | Reached XP level 9. HP: 78/78 MP: 6/8
  7586 | D:7      | Reached ** piety under Okawaru
  7600 | D:7      | Reached skill level 10 in Long Blades
  7616 | D:7      | Reached skill level 1 in Invocations
  8292 | D:7      | Noticed Harold
  8302 | D:7      | Killed Harold
  8451 | D:7      | Reached XP level 10. HP: 57/88 MP: 10/10
  8615 | D:8      | Identified the +4 rapier "Laecier" {elec, rElec rC- Will+}
  8986 | D:9      | Found a transporter.
  8988 | D:9      | Noticed an orc sorcerer
  8993 | D:9      | Noticed an orc high priest
  8999 | D:9      | Found a transporter.
  9125 | D:9      | Found a flagged portal.
  9136 | Bailey   | Entered a bailey
  9267 | Bailey   | Identified the quicksilver dragon scales "Hafien" {*Slow
                  | rF+++ rC+ Will+ Str+3}
  9285 | Bailey   | Reached *** piety under Okawaru
  9309 | Bailey   | Noticed a two-headed ogre
  9477 | Bailey   | Reached skill level 10 in Armour
  9630 | Bailey   | Killed a two-headed ogre
  9906 | D:9      | Found a staircase to the Orcish Mines.
  9924 | D:9      | Noticed a two-headed ogre
  9940 | D:9      | Killed a two-headed ogre
 10489 | D:9      | Found a staircase to the Lair.
 10788 | D:5      | Killed PanSaczeczos's ghost
 10788 | D:5      | Reached **** piety under Okawaru
 10789 | D:5      | Reached XP level 11. HP: 94/97 MP: 10/12
 10791 | D:5      | Killed kalagan's ghost
 10794 | D:5      | Killed Tyszek's ghost
 10917 | D:10     | Entered Level 10 of the Dungeon
 11558 | D:10     | Noticed a two-headed ogre
 11563 | D:10     | Killed a two-headed ogre
 11767 | D:10     | Found Qianli's Jewellery Shop.
 11904 | Lair:1   | Entered Level 1 of the Lair of Beasts
 11904 | Lair:1   | Noticed Joseph
 11909 | Lair:1   | Killed Joseph
 11968 | Lair:1   | Noticed Urug
 11978 | Lair:1   | Killed Urug
 12146 | Lair:1   | Noticed a seven-headed hydra
 12152 | Lair:1   | Killed a four-headed hydra
 12152 | Lair:1   | Reached ***** piety under Okawaru
 12404 | Lair:1   | Found a transporter.
 12406 | Lair:1   | Found a transporter.
 12410 | Lair:1   | Noticed a boulder beetle
 12790 | Lair:2   | Received a gift from Okawaru
 12791 | Lair:2   | Noticed a boulder beetle
 13586 | Lair:1   | Killed a boulder beetle
 13587 | Lair:1   | Reached skill level 10 in Fighting
 13655 | Lair:2   | Found a transporter.
 13764 | Lair:2   | Noticed Dicout's ghost (novice OpFi)
 13764 | Lair:2   | Noticed a seven-headed hydra
 14056 | Lair:2   | Reached XP level 12. HP: 68/107 MP: 14/14
 14067 | Lair:2   | Reached skill level 5 in Dodging
 14495 | Lair:2   | Found an ornate altar of the Wu Jian Council.
 14496 | Lair:2   | Noticed a boulder beetle
 14510 | Lair:2   | Killed a boulder beetle
 14511 | Lair:2   | Reached skill level 10 in Shields
 14567 | Lair:2   | Found a hide-covered altar of Uskayaw.
 14588 | Lair:2   | Found a transporter.
 15020 | Lair:3   | Noticed a five-headed hydra
 15027 | Lair:3   | Killed a one-headed hydra
 15043 | Lair:3   | Noticed a catoblepas
 15054 | Lair:3   | Killed a catoblepas
 15054 | Lair:3   | Received a gift from Okawaru
 15394 | Lair:3   | Noticed a death yak
 15395 | Lair:3   | Noticed a death yak
 15395 | Lair:3   | Noticed a death yak
 15429 | Lair:3   | Killed a death yak
 15430 | Lair:3   | Reached skill level 15 in Long Blades
 15436 | Lair:3   | Killed a death yak
 15443 | Lair:3   | Killed a death yak
 16108 | Lair:3   | Reached XP level 13. HP: 111/118 MP: 15/15
 16684 | Lair:2   | HP: 4/118 [poisoned by Dicout's ghost]
 16689 | Lair:2   | HP: 5/118 [poisoned by Dicout's ghost]
 16695 | Lair:2   | HP: 2/118 [poisoned by Dicout's ghost]
 17163 | Lair:2   | Killed Dicout's ghost
 17197 | Lair:2   | Identified the +0 pair of gloves of Qazlal's Condemnation
                  | {rN+ Will- Str+3 Int+2}
 17212 | Lair:2   | Identified the +2 lajatang "Kyclaul" {elec, *Slow +Blink
                  | Str+2 Dex+6}
 17356 | D:11     | Noticed Josephine
 17366 | D:11     | Killed Josephine
 17638 | D:11     | Noticed Gastronok
 17791 | D:11     | Killed Gastronok
 17942 | D:11     | Noticed Nergalle
 17950 | D:11     | Killed Nergalle
 18276 | D:11     | Noticed Erolcha
 18283 | D:11     | Killed Erolcha
 18309 | D:11     | Noticed Sonja
 18320 | D:11     | Received a gift from Okawaru
 18324 | D:11     | Killed Sonja
 18329 | D:11     | HP: 6/122 [cyclops (13)]
 18977 | D:11     | Reached skill level 5 in Invocations
 18987 | D:11     | Reached skill level 1 in Evocations
 19029 | D:11     | Identified the +2 hand axe of Annoyance {venom, Str-3 Dex+4
                  | SInv}
 19152 | D:12     | Found a flickering gateway to a bazaar.
 19166 | Bazaar   | Entered a bazaar
 19180 | Bazaar   | Found Feshokah's Armour Emporium.
 19180 | Bazaar   | Found Yqutim's Assorted Antiques.
 19225 | Bazaar   | Found Saucurpheuco's Antique Armour Shoppe.
 19247 | Bazaar   | Found Jebruu's Antique Weapon Emporium.
 19325 | Bazaar   | Bought a glowing purple potion for 19 gold pieces
 19325 | Bazaar   | Bought a smoky green potion for 19 gold pieces
 19331 | Bazaar   | Bought the +8 chain mail "Lane" {Will+ Regen+ Int-5 Dex+2}
                  | for 660 gold pieces
 19439 | D:12     | Found a gate leading to a gauntlet.
 19448 | Gauntlet | Entered a Gauntlet
 19448 | Gauntlet | Found a transporter.
 19448 | Gauntlet | Found a transporter.
 19461 | Gauntlet | Found a transporter.
 19470 | Gauntlet | Found a transporter.
 19487 | Gauntlet | Found a transporter.
 19502 | Gauntlet | Found a transporter.
 19524 | Gauntlet | Found a transporter.
 19602 | Gauntlet | Found a transporter.
 19631 | Gauntlet | Found a transporter.
 19639 | Gauntlet | Found a transporter.
 19657 | Gauntlet | Found the amulet of the Air {Inacc Air Fly rElec RMsl}
 19658 | Gauntlet | Found a transporter.
 19682 | Gauntlet | Found a transporter.
 19704 | Gauntlet | Found a transporter.
 19715 | Gauntlet | Found a transporter.
 19787 | Gauntlet | Found a transporter.
 19803 | Gauntlet | Found a transporter.
 20057 | Gauntlet | Identified the amulet of Pyromania {Faith rCorr Dex+4}
 20129 | Gauntlet | Reached XP level 14. HP: 51/129 MP: 16/16
 20594 | Gauntlet | Identified the ring of Wophideo {*Corrode Int+5 Dex+6}
 20612 | Gauntlet | Got Kiev's Incunabulum of Transmutation
 20617 | Gauntlet | Got the Guide on Malediction
 20620 | Gauntlet | Identified the -4 hat "Ducwa" {rElec Slay+3 Stlth+}
 20621 | Gauntlet | Got the Compendium of the Voyage
 20931 | D:12     | Found Refa's Assorted Antiques.
 21726 | Orc:1    | Entered Level 1 of the Orcish Mines
 21726 | Orc:1    | You fall into a shaft and drop 1 floor!
 21726 | Orc:2    | Entered Level 2 of the Orcish Mines
 22295 | Orc:1    | Noticed Fannar
 22505 | Orc:1    | Killed Fannar
 22505 | Orc:1    | Received a gift from Okawaru
 23081 | Orc:2    | Found Nipnefaj's CLEARANCE SALE!.
 23093 | Orc:2    | Bought a scroll of noise for 5 gold pieces
 23093 | Orc:2    | Bought a potion of curing for 15 gold pieces
 23208 | Orc:2    | Found a staircase to the Elven Halls.
 24228 | Orc:2    | Received a gift from Okawaru
 25240 | Orc:2    | Identified the +2 gold dragon scales of Qofyl {rPois rF+
                  | rC+ Regen+ Slay+3 Stlth+} (Okawaru gifted it to you on
                  | level 2 of the Orcish Mines)
 25240 | Orc:2    | Received a gift from Okawaru
 25483 | Orc:2    | Found Coycesuug's Book Shop.
 25483 | Orc:2    | Found Fuan's Magic Scroll Shop.
 25484 | Orc:2    | Found Cuegh's Magic Scroll Shop.
 25484 | Orc:2    | Found Syso's General Store.
 25562 | Orc:2    | Bought a scroll of acquirement for 624 gold pieces
 25568 | Orc:2    | Bought a scroll of identify for 24 gold pieces
 25568 | Orc:2    | Bought a scroll of identify for 24 gold pieces
 26839 | D:14     | You fall into a shaft and drop 1 floor!
 26839 | D:15     | Entered Level 15 of the Dungeon
 26920 | D:15     | Reached XP level 15. HP: 111/139 MP: 18/18
 27146 | D:14     | Identified the +1 double sword of Equivalence {flame, rF+
                  | Int+4} (Okawaru gifted it to you on level 14 of the
                  | Dungeon)
 27146 | D:14     | Received a gift from Okawaru
 27160 | D:14     | Reached ****** piety under Okawaru
 27169 | D:14     | Reached skill level 15 in Shields
 27503 | D:15     | Found a runed translucent gate.
 27504 | D:15     | Found a runed translucent gate.
 27505 | D:15     | Found a runed translucent gate.
 27507 | D:15     | Noticed Giaff's ghost (journeyman DsGl)
 27678 | D:15     | Found a staircase to the Depths.
 28278 | D:14     | Received a gift from Okawaru
 28573 | D:14     | Identified the +9 falchion of Ruination {vorpal, rC+}
 28587 | D:14     | Found a gate to the Vaults.
 28906 | Lair:4   | Reached skill level 15 in Fighting
 29280 | Lair:4   | Found a staircase to the Swamp.
 29368 | Lair:4   | Noticed Rupert
 29373 | Lair:4   | Paralysed by Rupert for 2 turns
 29379 | Lair:4   | Killed Rupert
 29472 | Lair:4   | Found a staircase to the Snake Pit.
 29481 | Lair:4   | Received a gift from Okawaru
 30074 | Lair:5   | Received a gift from Okawaru
 30757 | Lair:6   | Entered Level 6 of the Lair of Beasts
 30786 | Lair:6   | Found a frozen archway.
 30803 | IceCv    | Entered an ice cave
 31159 | IceCv    | Reached XP level 16. HP: 151/151 MP: 19/19
 31191 | IceCv    | Identified the amulet of Leen {Reflect rN+ MP+9 Int+3 SH+5}
 31231 | IceCv    | Got the Volume of the Glacier
 31235 | IceCv    | Identified the +1 rapier of the Forest {vorpal, Drain rElec
                  | rPois Dex+8}
 31890 | Lair:6   | Identified the +0 flail of Fortitude {freeze, Int+3}
                  | (Okawaru gifted it to you on level 6 of the Lair of Beasts)
 31890 | Lair:6   | Received a gift from Okawaru
 32639 | Lair:6   | Received a gift from Okawaru
 32639 | Lair:6   | Found the +15 Maxwell's patent armour {-Cast -Tele rElec
                  | Will+ rCorr}
 33240 | Lair:6   | Found a runed translucent door.
 33243 | Lair:6   | Found a viscous altar of Jiyva.
 33244 | Lair:6   | Found a staircase to the Slime Pits.
 33945 | D:14     | Killed Giaff's ghost
 33946 | D:14     | Reached skill level 15 in Armour
 34116 | D:15     | Paralysed by an ogre mage for 5 turns
 34437 | Snake:1  | Entered Level 1 of the Snake Pit
 34662 | Snake:1  | Found Ziwuap's Antique Weapon Emporium.
 34662 | Snake:1  | Found Atwa's Jewellery Shoppe.
 34675 | Snake:1  | Bought a scorched long sword for 340 gold pieces
 34675 | Snake:1  | Identified the +4 long sword of Greed {freeze, +Blink rN+
                  | Int+4} (You bought it in a shop on level 1 of the Snake
                  | Pit)
 34830 | Snake:1  | Identified the +0 crystal plate armour "Eroddan" {Str+8}
                  | (Okawaru gifted it to you on level 1 of the Snake Pit)
 34830 | Snake:1  | Received a gift from Okawaru
 35005 | Snake:1  | Found Vovvuz's Magic Scroll Shoppe.
 35005 | Snake:1  | Found Semaew's Armour Boutique.
 35012 | Snake:1  | Found Loshraz's General Store.
 35014 | Snake:1  | Bought a scroll of blinking for 120 gold pieces
 35015 | Snake:1  | Found Rihoj's Distillery.
 35877 | Snake:2  | Reached XP level 17. HP: 160/161 MP: 20/20
 36052 | Snake:2  | Identified the +0 helmet of Nemelex Xobeh's Regard {rPois
                  | rC- MP+9 Stlth+}
 36448 | Swamp:1  | Entered Level 1 of the Swamp
 36719 | Swamp:1  | Paralysed by a fenstrider witch for 2 turns
 36722 | Swamp:1  | Identified the +0 pair of gloves of Sepesi {rCorr Dex-5
                  | SInv} (Okawaru gifted it to you on level 1 of the Swamp)
 36722 | Swamp:1  | Received a gift from Okawaru
 37130 | Swamp:1  | Reached skill level 1 in Axes
 37130 | Swamp:1  | Reached skill level 10 in Dodging
 37130 | Swamp:1  | Reached XP level 18. HP: 170/170 MP: 21/21
 37473 | Swamp:2  | Found a large runed translucent door.
 37473 | Swamp:2  | Found a large runed translucent door.
 37474 | Swamp:2  | Noticed Shogun88's ghost (journeyman MiFi)
 37677 | Swamp:2  | Identified the +8 ring mail of Evolution {rN+ Str+4 Int+3}
 38334 | Elf:1    | Entered Level 1 of the Elven Halls
 38410 | Elf:1    | Found Hojil's Magic Scroll Shoppe.
 38603 | Elf:1    | Found Hostrus's Assorted Antiques.
 38604 | Elf:1    | Found Ukhleud's Weapon Shoppe.
 38613 | Elf:1    | Bought 3 scrolls of magic mapping for 199 gold pieces
 38626 | Elf:1    | Bought a spiked buckler for 199 gold pieces
 38626 | Elf:1    | Identified the +2 buckler of Ruoxut {rF+ Str+7} (You bought
                  | it in a shop on level 1 of the Elven Halls)
 38755 | Elf:1    | Identified the +9 shortbow "Ximmire" {venom, Stlth+}
                  | (Okawaru gifted it to you on level 1 of the Elven Halls)
 38755 | Elf:1    | Received a gift from Okawaru
 38761 | Elf:1    | Got Lehudib's Disquisition on Attacks
 39549 | Elf:2    | Identified the +1 ring mail of Absence {Rampage Int+4}
 40318 | Elf:2    | Found a runed translucent gate.
 40318 | Elf:2    | Found a runed translucent gate.
 40318 | Elf:2    | Found a runed translucent gate.
 40337 | Elf:2    | Identified the +7 morningstar "Arbiter" {vorpal, rF+}
 40343 | Elf:2    | Identified the +7 dagger "Killer Bee's Regret" {holy, rC-
                  | Will+ Int+7}
 40623 | Elf:2    | Found Qatytsen's Assorted Antiques.
 40714 | Elf:2    | Identified the +0 chain mail of Kiehi {-Tele rPois rF++
                  | rN+++} (Okawaru gifted it to you on level 2 of the Elven
                  | Halls)
 40714 | Elf:2    | Received a gift from Okawaru
 40917 | Elf:3    | Entered Level 3 of the Elven Halls
 40917 | Elf:3    | Found Qoqeveoq's Antique Weapon Emporium.
 41399 | Elf:3    | Reached XP level 19. HP: 153/181 MP: 22/22
 41966 | Elf:3    | Reached skill level 5 in Stealth
 42093 | Elf:3    | Identified the +5 falchion of Calculation {protect, Dex+2}
 43290 | Elf:3    | Identified the +7 rapier of Evisceration {drain, *Slow
                  | rPois rC- Int+7} (Okawaru gifted it to you on level 3 of
                  | the Elven Halls)
 43290 | Elf:3    | Received a gift from Okawaru
 43319 | Elf:3    | Got the Collected Works on Heat
 43322 | Elf:3    | Got Mooviell's Reference Book on Lightness and Poison
 43337 | Elf:3    | Got Pesyewk's Tome of Flames and the Glacier
 43456 | Elf:3    | Identified the +3 chain mail of Moal {Harm Will+++ Dex-3}
 44114 | Snake:3  | Found a hide-covered altar of Uskayaw.
 44576 | Orc:2    | Bought a scroll of enchant weapon for 90 gold pieces
 44958 | Snake:3  | Received a gift from Okawaru
 45576 | Snake:3  | Found a hide-covered altar of Uskayaw.
 45704 | Snake:4  | Entered Level 4 of the Snake Pit
 45936 | Snake:4  | Noticed Saint Roka
 46074 | Snake:4  | Killed Saint Roka
 46213 | Snake:4  | Received a gift from Okawaru
 46304 | Snake:4  | Noticed Bai Suzhen
 46318 | Snake:4  | Killed Bai Suzhen
 46590 | Snake:4  | Reached XP level 20. HP: 114/195 MP: 10/23
 46788 | Snake:4  | Got a serpentine rune of Zot
 46865 | Snake:4  | Identified the +6 plate armour of Maaxod {Dex+3 Stlth+}
 46953 | Snake:4  | Identified the ring "Marenn" {Wiz Int+3}
 46961 | Snake:4  | Identified the +9 mace of Sosen {holy, rF++ Str+2}
 47606 | Swamp:2  | Killed Shogun88's ghost
 47613 | Swamp:2  | Identified the +6 quarterstaff of the Orcish Mines {vamp,
                  | Str+6 Int-2}
 47726 | Swamp:3  | Noticed Donald
 47730 | Swamp:3  | Received a gift from Okawaru
 47736 | Swamp:3  | Killed Donald
 47950 | Swamp:3  | Noticed Mlioglotl
 47986 | Swamp:2  | Killed Mlioglotl
 48585 | Swamp:4  | Entered Level 4 of the Swamp
 48786 | Swamp:4  | Noticed Roxanne
 48837 | Swamp:4  | Received a gift from Okawaru
 49021 | Swamp:4  | Noticed Aizul
 49035 | Swamp:4  | Killed Aizul
 49563 | Swamp:4  | Got a decaying rune of Zot
 49618 | Swamp:4  | Killed Roxanne
 50393 | Elf:2    | Received a gift from Okawaru
 50482 | Elf:2    | HP: 2/198 [+2 morningstar of protection (13)]
 51181 | Vaults:1 | Entered Level 1 of the Vaults
 51244 | Vaults:1 | Identified the +2 pair of gloves "Onguosip" {Harm rPois
                  | rF+++ Int-4} (Okawaru gifted it to you on level 1 of the
                  | Vaults)
 51244 | Vaults:1 | Received a gift from Okawaru
 51255 | Vaults:1 | Reached XP level 21. HP: 32/206 MP: 0/24
 51321 | Vaults:1 | Found a crumbling gateway.
 51405 | Desolati | Entered the Desolation of Salt
 52038 | Desolati | Identified the +4 plate armour of the Thistle {Fly rN+
                  | Str-4}
 52041 | Desolati | Identified the +0 great sword of Caogaece {venom, rElec rN+
                  | MP+9}
 52126 | Desolati | Identified the ring "Korekluy" {rC+ Dex+4}
 52141 | Desolati | Identified the amulet "Qaucilad" {Reflect rPois rN++ Dex-4
                  | SH+5 SInv}
 52151 | Desolati | Identified the ring "Uschalesse" {Ice rPois rN+ Dex-5
                  | Stlth+}
 52225 | Desolati | Got the Reference Book on Air and Dark Magic
 52416 | Vaults:1 | Identified the +5 acid dragon scales of Past Mistakes
                  | {rCorr Str+2} (Okawaru gifted it to you on level 1 of the
                  | Vaults)
 52416 | Vaults:1 | Received a gift from Okawaru
 52474 | Vaults:1 | Found Guek's Armour Shoppe.
 54291 | Vaults:2 | You fall into a shaft and drop 1 floor!
 54341 | Vaults:3 | Received a gift from Okawaru
 54435 | Vaults:3 | Found a staircase to the Crypt.
 54978 | Vaults:2 | Reached XP level 22. HP: 196/217 MP: 16/25
 54980 | Vaults:2 | Identified the +4 scale mail of Noughts and Crosses {Str+2}
                  | (Okawaru gifted it to you on level 2 of the Vaults)
 54980 | Vaults:2 | Received a gift from Okawaru
 57204 | Vaults:4 | Found a huge runed gate.
 57204 | Vaults:4 | Found a huge runed gate.
 57204 | Vaults:4 | Found a huge runed gate.
 57204 | Vaults:4 | Found a huge runed gate.
 57204 | Vaults:4 | Found a huge runed gate.
 57204 | Vaults:4 | Found a huge runed gate.
 57205 | Vaults:4 | Found a huge runed gate.
 57205 | Vaults:4 | Found a huge runed gate.
 57205 | Vaults:4 | Found a huge runed gate.
 57205 | Vaults:4 | Found a huge runed gate.
 57208 | Vaults:4 | Found a huge runed gate.
 57208 | Vaults:4 | Found a huge runed gate.
 57208 | Vaults:4 | Found a huge runed gate.
 57208 | Vaults:4 | Found a huge runed gate.
 57208 | Vaults:4 | Found a huge runed gate.
 57209 | Vaults:4 | Found a huge runed gate.
 57210 | Vaults:4 | Found a huge runed gate.
 57211 | Vaults:4 | Found a huge runed gate.
 57212 | Vaults:4 | Found a huge runed gate.
 57419 | Vaults:4 | Found Kutonoti's Book Shoppe.
 57552 | Vaults:4 | Identified the +4 scimitar of Dyskuann {drain, rPois}
                  | (Okawaru gifted it to you on level 4 of the Vaults)
 57552 | Vaults:4 | Received a gift from Okawaru
 58105 | Vaults:4 | Noticed Mennas
 58114 | Vaults:4 | Killed Mennas
 58259 | Vaults:4 | Found a huge runed gate.
 58259 | Vaults:4 | Found a huge runed gate.
 58259 | Vaults:4 | Found a huge runed gate.
 58259 | Vaults:4 | Found a huge runed gate.
 58259 | Vaults:4 | Found a huge runed gate.
 58259 | Vaults:4 | Found a huge runed gate.
 58261 | Vaults:4 | Found a huge runed gate.
 58262 | Vaults:4 | Found a huge runed gate.
 58263 | Vaults:4 | Found a huge runed gate.
 58271 | Vaults:4 | Found a huge runed gate.
 58271 | Vaults:4 | Found a huge runed gate.
 58271 | Vaults:4 | Found a huge runed gate.
 58271 | Vaults:4 | Found a huge runed gate.
 58271 | Vaults:4 | Found a huge runed gate.
 58271 | Vaults:4 | Found a huge runed gate.
 58272 | Vaults:4 | Found a huge runed gate.
 58273 | Vaults:4 | Found a huge runed gate.
 58495 | Vaults:4 | Noticed a golden dragon
 58501 | Vaults:4 | Killed a golden dragon
 58770 | Vaults:4 | Received a gift from Okawaru
 59176 | Vaults:5 | Entered Level 5 of the Vaults
 59400 | Vaults:4 | Reached XP level 23. HP: 141/229 MP: 16/26
 59615 | Vaults:5 | Identified the +4 short sword of Famine {venom, Str+6}
                  | (Okawaru gifted it to you on level 5 of the Vaults)
 59615 | Vaults:5 | Received a gift from Okawaru
 59727 | Vaults:5 | Gained mutation: You are frail. (-10% HP) [a shining eye]
 59977 | Vaults:5 | Identified the amulet "Kepiub" {RegenMP rN++ Dex+4}
 60532 | Vaults:5 | Identified the +0 tower shield of Lifelessness {rF++}
                  | (Okawaru gifted it to you on level 5 of the Vaults)
 60532 | Vaults:5 | Received a gift from Okawaru
 60648 | Vaults:5 | Noticed a dread lich
 60654 | Vaults:5 | Killed a dread lich
 60742 | Vaults:5 | Noticed an ancient lich
 60757 | Vaults:5 | Killed an ancient lich
 60804 | Vaults:5 | HP: 8/204 [ettin/+0 dire flail (16)]
 60805 | Vaults:5 | Mangled by an ettin

Illustrated notes

Levels and vault maps discovered:
D:1:      grunt_arrival_crossed_arrows, layout_rooms, serial_shops, shop
D:2:      layout_loops_ring, hellmonk_ecumenical_altar_watching_god,
          uniq_natasha, uniq_terence
D:3:      layout_loops_corners, kiku_gazebo_pond_becter, minmay_misc_feat_tiny
D:4:      layout_cave_pools, minmay_temple_entry_ruins, gup_sewer_entry_pipe,
          serial_shops, nicolae_square_shop, glass_columns_b, uniq_eustachio,
          uniq_menkaure
D:5:      layout_loops_ring, gammafunk_ghost_cemetery, minmay_misc_feat_columns
D:6:      layout_cave_pools, grunt_ministairs_6, uniq_crazy_yiuf_cottage
D:7:      layout_basic, uniq_harold
D:8:      layout_gridville
D:9:      gammafunk_wand_slinger, layout_basic, lair_entry_dummy, orc_0_dummy,
          enter_bailey_2
D:10:     layout_irregular_city, serial_shops, shop
D:11:     lemuel_ogre_cave, layout_basic, kennysheep_generic_room_9,
          uniq_josephine, uniq_gastronok, uniq_sonja, uniq_nergalle
D:12:     layout_cave_pools, gauntlet_entry_generic, serial_shops,
          bzr_entry_customers, nicolae_shop_behind_doors
D:13:     layout_loops_ring, minmay_misc_feat_chi, kennysheep_cross_room
D:14:     layout_roguey, david_vaults_5, hangedman_decor_opposing,
          minmay_fire_ice_demons
D:15:     grunt_enter_depths_hoard, layout_cave_pools,
          gammafunk_ghost_tricky_traps
Temple:   nicolae_temple_the_god_donut
Lair:1:   gammafunk_boulding_lane, layout_gridlike,
          chequers_serial_rivers_micro_b, lemuel_fruit_fields,
          infiniplex_staircase_pool, uniq_joseph, uniq_urug
Lair:2:   layout_cave_shapes, gammafunk_ghost_berserking_beasts,
          nzn_masters_of_martial_movement
Lair:3:   layout_cave_pods, beast_lair_carwin_7
Lair:4:   layout_hall_layers, palyth_hydra_swamp_entry,
          minmay_snake_entry_guardpost_small, uniq_rupert
Lair:5:   layout_roguey, grunt_megastairs_1, lemuel_fruit_fields
Lair:6:   hangedman_lair_caniforms_friends, layout_layer_cave, slime_altar_2,
          special_room [special_room_bee], portal_ice_cave_entry_pillars_2,
          serial_bayou, serial_bayou_pond_d, serial_bayou_pond_e,
          serial_bayou_lagoon_a, serial_bayou_pond_d, serial_bayou_pond_a
Swamp:1:  layout_basic_swamp, evilmike_swamp_ruin_rubble_2
Swamp:2:  layout_basic_swamp, ebering_ghost_disaster_area,
          evilmike_swamp_ruin_house_1
Swamp:3:  layout_falls_marsh, nicolae_swamp_long_stream,
          nicolae_swamp_small_spring, uniq_mlioglotl, uniq_donald
Swamp:4:  swamp_fiery, layout_basic_swamp, swamp_pool5, uniq_roxanne, uniq_aizul
Snake:1:  layout_cave_shapes, nicolae_snake_serpentine_bazaar, minmay_shoptagon
Snake:2:  layout_misc_corridors, grunt_ministairs_13
Snake:3:  layout_misc_corridors, serial_bayou, serial_bayou_pond_a,
          serial_bayou_pond_c, serial_bayou_ford_a, serial_bayou_shore_b,
          hangedman_feature_mirror, serial_bayou_shore_b, lemuel_fruit_tree
Snake:4:  grunt_snake_rune_serpentine_throne, layout_cave_town, st_stairs_10,
          drop_trap, nicolae_snake_salamander_zone, uniq_bai_suzhen,
          uniq_saint_roka
Orc:1:    nicolae_orc_accident_2, layout_caves, uniq_fannar
Orc:2:    st_orc_pillars, layout_caves, nicolae_shop_clearance
Elf:1:    minmay_elf_arrival_plus, layout_gridlike, minmay_elf_annihilation,
          lemuel_flamethrower_1, minmay_shop_star
Elf:2:    elven_hall_of_blades_hangedman_original [mumra_blade_entry_bloodbath],
          layout_loops_ring, serial_shops,
          nicolae_shop_competitors_out_of_business
Elf:3:    minmay_elf_hall_curves, layout_loops_ring, serial_shops,
          shop_fountains
Vaults:1: portal_desolation_entry_twin_temple, v_rooms_3,
          nicolae_vaults_little_squares_3, nicolae_vaults_stairing_the_circle,
          nicolae_vaults_alarming, nicolae_vaults_sealed_display,
          grunt_vaults_twisty, nicolae_vaults_asterisk, hangedman_vaults_pinch,
          v_misc_16, layout_vaults_maze_bifur, serial_shops,
          nicolae_shop_statue_plus
Vaults:2: vaults_standard_mumra_enter_the_diamond, vaults_dpeg_hooks,
          vaults_room_corners, hangedman_vaults_trim,
          nicolae_vaults_specimen_jars, v_misc_29,
          vaults_room_hangedman_quadrants, layout_vaults_chaotic_city
Vaults:3: nicolae_vaults_network_s, dpeg_vaults_monster_row, serial_ice_m,
          minmay_crypt_entry_simple_box, hangedman_vaults_restitches,
          grunt_vaults_focal, ontoclasm_vaults_twist,
          vaults_room_stairs_pillars, layout_vaults_quadrants
Vaults:4: nicolae_vaults_inception_scallops, vaults_standard_mumra_lines,
          nicolae_vaults_bisected_exclaves, v_misc_30, door_vault, v_misc_32,
          hangedman_vaults_cutoff, ontoclasm_vaults_ligature,
          ontoclasm_vaults_decontamination, nicolae_vaults_little_ls,
          vaults_room_hallway, vaults_dpeg_ring, layout_vaults_omnicross,
          serial_shops, shop, uniq_mennas
Vaults:5

Skill      XL: |  1  2  3  4  5  6  7  8  9 10 11 12 13 14 15 16 17 18 19 20 21 22 23 |
---------------+----------------------------------------------------------------------+-----
Fighting       | 4 5 6 8 9 10 12 13 14 16 17 18 20 21 22 24 | 24.7
Armour         | 4 5 7 9 10 11 12 13 14 15 16 17 19 20 21 22 | 22.0
Shields        | 4 5 6 7 8 9 11 12 14 16 18 20 21 22 23 24 | 24.1
Long Blades    | 3 4 5 6 7 9 11 12 14 15 16 17 18 19 20 21 23 24 | 24.5
Dodging        | 1 2 4 7 8 9 10 11 | 11.2
Stealth        | 1 2 3 4 5 6 7 8 |  8.0
Invocations    | 2 3 4 5 6 |  6.6
Evocations     | 1 |  1.4
Axes           | 1 |  1.0
Short Blades   | |  0.5
Maces & Flails | |  0.6
Polearms       | |  0.6
Staves         | |  0.6
Slings         | |  0.5
Bows           | |  0.8
Crossbows      | |  0.5
Throwing       | |  0.7
Unarmed Combat | |  0.5
Spellcasting   | |  0.2
Conjurations   | |  0.2
Hexes          | |  0.3
Summonings     | |  0.2
Necromancy     | |  0.2
Translocations | |  0.2
Transmutations | |  0.3
Fire Magic     | |  0.2
Ice Magic      | |  0.2
Air Magic      | |  0.4
Earth Magic    | |  0.3
Poison Magic   | |  0.2

Action                   |  1- 3 |  4- 6 |  7- 9 | 10-12 | 13-15 | 16-18 | 19-21 | 22-24 || total
-------------------------+-------+-------+-------+-------+-------+-------+-------+-------++-------
Melee: Long sword        |    61 |   183 |   238 |   202 |       |       |       |       ||   684
       Headbutt          |    10 |    28 |    57 |   108 |   267 |   234 |   354 |   190 ||  1248
       Falchion          |       |       |    73 |       |       |    35 |       |       ||   108
       Scimitar          |       |       |       |   247 |   770 |       |       |       ||  1017
       Double sword      |       |       |       |       |   392 |   931 |  1225 |   590 ||  3138
Invok: Heroism           |       |       |    10 |    27 |    31 |     1 |    12 |    12 ||    93
Evoke: Wand              |       |       |     2 |       |     7 |       |     2 |       ||    11
  Use: Potion            |     1 |     2 |     2 |       |     6 |     1 |     5 |       ||    17
       Scroll            |       |     6 |     1 |    10 |    14 |     5 |     7 |     7 ||    50
 Stab: Distracted        |       |       |       |       |     2 |     1 |    22 |    15 ||    40
       Sleeping          |       |       |       |       |     1 |     3 |       |       ||     4
       Confused          |       |       |       |       |       |       |     1 |       ||     1
Armor: Scale mail        |    49 |    69 |     2 |       |       |       |       |       ||   120
       Plate armour      |       |       |   254 |    51 |       |       |       |       ||   305
       Quicksilver drago |       |       |       |   147 |   149 |    39 |    22 |       ||   357
       Gold dragon scale |       |       |       |       |   210 |   309 |   519 |   296 ||  1334
Dodge: Dodged            |    54 |    77 |   122 |   229 |   548 |   290 |   545 |   318 ||  2183
Block: Buckler           |    27 |    39 |   108 |   150 |   133 |    75 |   667 |   366 ||  1565
       Kite shield       |       |       |       |       |   639 |       |       |       ||   639
       Tower shield      |       |       |       |       |       |   952 |       |       ||   952
